[Event "Condigne Dutch Open 2016"]
[Site "dieren"]
[Date "2016.07.28"]
[Round "3"]
[White "Sahil, Tickoo"]
[Black "Van Dooren, Dirk"]
[Result "1/2-1/2"]
[ECO "A80"]
[WhiteElo "2016"]
[BlackElo "2390"]
[PlyCount "160"]
[EventDate "2016.07.27"]
[EventCountry "NED"]
[TimeControl "6000+1145"]
[WhiteClock "0:04:21"]
[BlackClock "0:06:04"]

1. d4 e6 2. Nf3 f5 3. Bg5 Be7 4. Bxe7 Qxe7 5. Nbd2 Nf6 6. e3 d6 7. Bd3 e5 8.
dxe5 dxe5 9. e4 f4 10. Qe2 Bg4 11. O-O-O Nbd7 12. h3 Bxf3 13. gxf3 O-O-O 14.
Nb3 Nc5 15. Nxc5 Qxc5 16. Bc4 Rhe8 17. c3 a5 18. h4 c6 19. Rhg1 Re7 20. a3 Kc7
21. b4 axb4 22. axb4 Qa7 23. Rxd8 Kxd8 24. Kb2 Qb6 25. Rd1+ Kc7 26. Bb3 Qa7 27.
Ra1 Qb8 28. Rd1 Qe8 29. b5 cxb5 30. c4 bxc4 31. Qxc4+ Kb8 32. Ba4 Qc8 33. Qb4
Re6 34. Qa5 b6 35. Qb5 Kb7 36. Bb3 Rc6 37. Qxe5 Qc7 38. Qd4 Rc5 39. Kb1 Qe5 40.
Qxe5 Rxe5 41. Rg1 g6 42. Rg5 Rxg5 43. hxg5 Nd7 44. Bg8 Ne5 45. Bxh7 Kc6 46. Kc2
Kc5 47. Kc3 b5 48. Kb3 b4 49. Kc2 Kb5 50. Kb3 Ka5 51. Bg8 Nxf3 52. Bf7 Nd2+ 53.
Kc2 Nxe4 54. Bxg6 Nxg5 55. Be8 Kb6 56. Kd3 Kc5 57. Ba4 Nh3 58. Ke4 Kc4 59. Kf3
Kc3 60. Bd1 Kd2 61. Bb3 Ke1 62. Bc4 Nxf2 63. Kxf4 Kd2 64. Bf7 Kc3 65. Ke3 Nd1+
66. Ke2 Nb2 67. Ba2 Kc2 68. Bf7 Kc3 69. Ba2 Nc4 70. Kd1 Nd2 71. Kc1 Nb3+ 72.
Kb1 Nd2+ 73. Kc1 Nc4 74. Bxc4 Kxc4 75. Kb2 b3 76. Kb1 Kb4 77. Kb2 Ka4 78. Kb1
Ka3 79. Ka1 b2+ 80. Kb1 Kb3 1/2-1/2

[Event "Condigne Dutch Open 2016"]
[Site "dieren"]
[Date "2016.07.28"]
[Round "3"]
[White "Zwirs, Nico"]
[Black "Nachbar, Benjamin"]
[Result "1-0"]
[ECO "B07"]
[WhiteElo "2374"]
[BlackElo "2124"]
[PlyCount "73"]
[EventDate "2016.07.27"]
[EventCountry "NED"]
[TimeControl "6000+1090"]
[WhiteClock "0:09:16"]
[BlackClock "0:09:01"]

1. e4 d6 2. d4 Nf6 3. f3 e5 4. d5 Nbd7 5. Ne2 h5 6. Be3 h4 7. c4 Be7 8. Qc2 a5
9. Rg1 Nc5 10. Nd2 Bd7 11. O-O-O a4 12. Kb1 Kf8 13. Nc1 b6 14. Nd3 g6 15. Be2
Kg7 16. Rdf1 Nh5 17. g3 Bh3 18. Rf2 Bg5 19. f4 Nxd3 20. Qxd3 Bf6 21. fxe5 Bxe5
22. g4 Nf6 23. Bg5 Qe8 24. Qxh3 Bd4 25. Bxf6+ Bxf6 26. Rgf1 Be5 27. Rxf7+ Qxf7
28. Rxf7+ Kxf7 29. Nf3 Rae8 30. Ng5+ Ke7 31. Ne6 c5 32. Bd1 Rh7 33. Bxa4 Reh8
34. Ng5 Rg7 35. Nf3 g5 36. Nxe5 dxe5 37. Qc3 1-0

[Event "Condigne Dutch Open 2016"]
[Site "dieren"]
[Date "2016.07.29"]
[Round "4"]
[White "Sandipan, Chanda"]
[Black "L'Ami, Erwin"]
[Result "1/2-1/2"]
[ECO "A04"]
[WhiteElo "2568"]
[BlackElo "2606"]
[PlyCount "91"]
[EventDate "2016.07.27"]
[EventCountry "NED"]
[TimeControl "6000+985"]
[WhiteClock "0:14:45"]
[BlackClock "0:21:32"]

1. Nf3 f5 2. g3 Nf6 3. Bg2 g6 4. b4 Bg7 5. Bb2 d6 6. c4 e5 7. d3 O-O 8. O-O h6
9. Nbd2 g5 10. c5 Be6 11. Nc4 Nc6 12. b5 Ne7 13. Nfd2 e4 14. cxd6 cxd6 15. dxe4
fxe4 16. Ne3 d5 17. Nb3 b6 18. Nd4 Qd7 19. Rc1 Rf7 20. f3 Raf8 21. Rc7 Qxc7 22.
Nxe6 Qd7 23. Nxf8 Qxb5 24. Qa1 Rxf8 25. fxe4 Qxe2 26. Re1 Qh5 27. exd5 Nc8 28.
Nf5 Ng4 29. h3 Bxb2 30. Qxb2 Rxf5 31. Re6 Rf7 32. Re8+ Rf8 33. Rxf8+ Kxf8 34.
Qh8+ Kf7 35. Qxc8 Nf6 36. Qc7+ Kf8 37. d6 Qf7 38. Qc8+ Qe8 39. Qc7 Qe5 40. Qd8+
Kf7 41. Qc7+ Kf8 42. Qb8+ Ne8 43. Qxa7 Qxd6 44. Qh7 Qf6 45. Kh2 Nd6 46. Qc7
1/2-1/2

[Event "Condigne Dutch Open 2016"]
[Site "dieren"]
[Date "2016.07.29"]
[Round "4"]
[White "Reinderman, Dimitri"]
[Black "Zwirs, Nico"]
[Result "1-0"]
[ECO "A29"]
[WhiteElo "2584"]
[BlackElo "2374"]
[PlyCount "67"]
[EventDate "2016.07.27"]
[EventCountry "NED"]
[TimeControl "6000+1210"]
[WhiteClock "0:27:42"]
[BlackClock "0:01:07"]

1. c4 e5 2. Nc3 Nf6 3. Nf3 Nc6 4. g3 g6 5. d4 exd4 6. Nxd4 Bg7 7. Bg2 O-O 8.
O-O Re8 9. Nc2 d6 10. b3 Bf5 11. Bb2 Ne4 12. Bxe4 Bxe4 13. Ne3 Ne7 14. Qd2 Bc6
15. Rac1 Qd7 16. Ncd5 Bxb2 17. Qxb2 Bxd5 18. cxd5 c6 19. dxc6 bxc6 20. Rfd1 d5
21. Rd4 h5 22. g4 h4 23. Rf4 d4 24. Rxd4 Nd5 25. h3 Qe6 26. Nxd5 cxd5 27. e3
Qf6 28. Kg2 Rac8 29. Rxc8 Rxc8 30. Qd2 Rc5 31. Rxd5 Qc6 32. e4 Kh7 33. Qf4 Kg8
34. Qb8+ 1-0

[Event "Condigne Dutch Open 2016"]
[Site "dieren"]
[Date "2016.07.29"]
[Round "4"]
[White "Schippers, Maurice"]
[Black "Ikonnikov, Vyacheslav"]
[Result "0-1"]
[ECO "B06"]
[WhiteElo "2220"]
[BlackElo "2538"]
[PlyCount "96"]
[EventDate "2016.07.27"]
[EventCountry "NED"]
[TimeControl "6000+785"]
[WhiteClock "0:27:47"]
[BlackClock "0:35:51"]

1. e4 g6 2. d4 Bg7 3. Nf3 c6 4. Nc3 d6 5. Be2 b5 6. a3 Nf6 7. O-O O-O 8. Re1
Nbd7 9. Bg5 h6 10. Bh4 g5 11. Bg3 Nh5 12. Qd2 Nxg3 13. hxg3 a6 14. Rad1 Bb7 15.
Qe3 Qb6 16. Bf1 Rad8 17. Ne2 e6 18. Nc1 c5 19. c3 c4 20. Nh2 e5 21. d5 Qxe3 22.
Rxe3 f5 23. f3 f4 24. gxf4 exf4 25. Ree1 Nc5 26. Kf2 Bc8 27. Be2 h5 28. Rh1 Kf7
29. Na2 g4 30. Nf1 Kg6 31. Nb4 g3+ 32. Ke1 Rh8 33. Nd2 h4 34. Bf1 h3 35. gxh3
Rh4 36. Nc6 Re8 37. Nb1 Bf6 38. Nd4 Bxd4 39. cxd4 Na4 40. Kd2 Reh8 41. e5 Bxh3
42. exd6 Bf5 43. Rxh4 Rxh4 44. Nc3 Rh2+ 45. Be2 Nxc3 46. bxc3 Kf7 47. Re1 Bd3
48. d7 Ke7 0-1

[Event "Condigne Dutch Open 2016"]
[Site "dieren"]
[Date "2016.07.29"]
[Round "4"]
[White "Horvath, Csaba"]
[Black "Debashis, Das"]
[Result "1-0"]
[ECO "E05"]
[WhiteElo "2520"]
[BlackElo "2451"]
[PlyCount "47"]
[EventDate "2016.07.27"]
[EventCountry "NED"]
[TimeControl "6000+2135"]
[WhiteClock "0:24:01"]
[BlackClock "0:20:37"]

1. Nf3 Nf6 2. g3 e6 3. Bg2 d5 4. O-O Be7 5. c4 O-O 6. d4 dxc4 7. Qc2 a6 8. a4
Bd7 9. Rd1 Bc6 10. Nc3 Nbd7 11. e4 b5 12. d5 exd5 13. e5 Ne8 14. Nxd5 Bxd5 15.
Rxd5 c6 16. Rd1 Qc7 17. Bf4 Nc5 18. axb5 cxb5 19. e6 Qc8 20. exf7+ Rxf7 21. Ne5
Rf8 22. Qe2 Nf6 23. Nc6 Bd8 24. Rxd8 1-0

[Event "Condigne Dutch Open 2016"]
[Site "dieren"]
[Date "2016.07.29"]
[Round "4"]
[White "Maris, Ivo"]
[Black "Hausrath, Daniel"]
[Result "1/2-1/2"]
[ECO "B38"]
[WhiteElo "2370"]
[BlackElo "2483"]
[PlyCount "47"]
[EventDate "2016.07.27"]
[EventCountry "NED"]
[TimeControl "6000+935"]
[WhiteClock "0:38:12"]
[BlackClock "0:41:56"]

1. e4 c5 2. Nf3 Nc6 3. d4 cxd4 4. Nxd4 g6 5. c4 Bg7 6. Be3 Nf6 7. Nc3 O-O 8.
Be2 d6 9. O-O Bd7 10. Qd2 a5 11. f3 a4 12. Ndb5 Qa5 13. Rfd1 Rfc8 14. Rac1 Be6
15. b3 axb3 16. axb3 Nd7 17. Nd5 Qxd2 18. Rxd2 Bxd5 19. cxd5 Nb4 20. Rxc8+ Rxc8
21. Bc4 Ne5 22. Be2 Nd7 23. Bc4 Ne5 24. Be2 1/2-1/2

[Event "Condigne Dutch Open 2016"]
[Site "dieren"]
[Date "2016.07.29"]
[Round "4"]
[White "Khenkin, Igor"]
[Black "Van Osch, Mees"]
[Result "1-0"]
[ECO "E18"]
[WhiteElo "2553"]
[BlackElo "2275"]
[PlyCount "111"]
[EventDate "2016.07.27"]
[EventCountry "NED"]
[TimeControl "6000+1000"]
[WhiteClock "0:10:43"]
[BlackClock "0:05:34"]

1. d4 Nf6 2. c4 e6 3. Nf3 b6 4. g3 Bb7 5. Bg2 Be7 6. O-O O-O 7. Nc3 Ne4 8. Bd2
d5 9. cxd5 exd5 10. Rc1 Nd7 11. Qb3 Nxc3 12. Bxc3 Nf6 13. Bb4 Ne4 14. Bxe7 Qxe7
15. Rfd1 Rac8 16. e3 Rfd8 17. Nd2 Nf6 18. Qa4 a5 19. a3 Qe8 20. Qxe8+ Nxe8 21.
Bh3 Rb8 22. Nf3 Bc8 23. Bf1 f6 24. Ne1 Bd7 25. Nd3 c6 26. b4 Ra8 27. bxa5 Rxa5
28. Nb4 Rc8 29. Rd2 Rxa3 30. Rdc2 Kf8 31. Nxd5 cxd5 32. Rxc8 Bxc8 33. Rxc8 Rb3
34. Be2 Ke7 35. Bf3 Kd7 36. Bg4+ Ke7 37. h4 b5 38. Bf3 Kd7 39. Bg4+ Ke7 40. Bf3
Kd7 41. Rb8 Rb1+ 42. Kg2 Nc7 43. Rg8 Ne8 44. Bxd5 b4 45. Bc4 Ke7 46. Bb5 Nd6
47. Bd3 Kf7 48. Rd8 Rb3 49. Bxh7 Ke7 50. Rg8 Kf7 51. Rb8 Ke7 52. e4 Rb2 53. e5
Nc4 54. Rb7+ Kf8 55. e6 Nd6 56. Rd7 1-0

[Event "Condigne Dutch Open 2016"]
[Site "dieren"]
[Date "2016.07.29"]
[Round "4"]
[White "Pruijssers, Roeland"]
[Black "Schoppen, Casper"]
[Result "1-0"]
[ECO "C65"]
[WhiteElo "2463"]
[BlackElo "2298"]
[PlyCount "71"]
[EventDate "2016.07.27"]
[EventCountry "NED"]
[TimeControl "6000+1275"]
[WhiteClock "0:32:46"]
[BlackClock "0:20:39"]

1. e4 e5 2. Nf3 Nc6 3. Bb5 Nf6 4. d3 Bc5 5. c3 d6 6. O-O O-O 7. Nbd2 a6 8. Ba4
Ba7 9. h3 Ne7 10. Re1 Ng6 11. Nf1 h6 12. Ng3 Be6 13. d4 b5 14. Bc2 c5 15. Be3
Re8 16. Qd2 Qc7 17. a4 Bb6 18. d5 Bd7 19. Bxh6 gxh6 20. Qxh6 Qd8 21. Nf5 Bxf5
22. exf5 Nf8 23. Ng5 c4 24. Re4 Nxe4 25. Nxe4 Bxf2+ 26. Kxf2 f6 27. Nxf6+ Kf7
28. Nxe8 Qb6+ 29. Qe3 Qxe3+ 30. Kxe3 Rxe8 31. axb5 axb5 32. Ra7+ Kf6 33. Be4
Rb8 34. h4 b4 35. g4 bxc3 36. g5# 1-0

[Event "Condigne Dutch Open 2016"]
[Site "dieren"]
[Date "2016.07.29"]
[Round "4"]
[White "Sagar, Shah"]
[Black "Vrolijk, Liam"]
[Result "1-0"]
[ECO "E13"]
[WhiteElo "2433"]
[BlackElo "2213"]
[PlyCount "105"]
[EventDate "2016.07.27"]
[EventCountry "NED"]
[TimeControl "6000+1025"]
[WhiteClock "0:07:20"]
[BlackClock "0:21:25"]

1. d4 Nf6 2. c4 e6 3. Nc3 Bb4 4. Nf3 b6 5. Bg5 Bb7 6. Qc2 h6 7. Bh4 g5 8. Bg3
Ne4 9. Nd2 Bxc3 10. bxc3 f5 11. e3 d6 12. Nxe4 Bxe4 13. Qb3 Qf6 14. f3 Bb7 15.
c5 f4 16. Bf2 dxc5 17. Bb5+ c6 18. Bc4 Nd7 19. Bxe6 fxe3 20. Bxe3 O-O-O 21. O-O
Rhe8 22. Bxd7+ Rxd7 23. Bf2 cxd4 24. cxd4 Ba6 25. Rfc1 Kb7 26. a4 Qf5 27. Qc3
Re6 28. a5 b5 29. Bg3 h5 30. Be5 Rd5 31. Qb4 Re8 32. Rc5 Rxc5 33. Qxc5 Qe6 34.
Rc1 Rd8 35. h3 Re8 36. Bd6 Rc8 37. Bg3 Qd7 38. Re1 Re8 39. Rxe8 Qxe8 40. Qxg5
b4 41. Qc5 Bb5 42. Qxb4 Ka6 43. Qc5 Qf7 44. Be1 Qe6 45. Qe5 Qc4 46. Kh2 Qf1 47.
Qe8 Ba4 48. Qc8+ Kb5 49. Qb7+ Kc4 50. Qb4+ Kd5 51. Qc5+ Ke6 52. Qe5+ Kd7 53.
Bg3 1-0

[Event "Condigne Dutch Open 2016"]
[Site "dieren"]
[Date "2016.07.29"]
[Round "4"]
[White "Beerdsen, Thomas"]
[Black "Van Meegen, Ruud"]
[Result "1-0"]
[ECO "C45"]
[WhiteElo "2414"]
[BlackElo "2201"]
[PlyCount "65"]
[EventDate "2016.07.27"]
[EventCountry "NED"]
[TimeControl "6000+1160"]
[WhiteClock "0:20:43"]
[BlackClock "0:06:57"]

1. e4 e5 2. Nf3 Nc6 3. d4 exd4 4. Nxd4 Bc5 5. Nb3 Bb6 6. Nc3 Nf6 7. Qe2 a5 8.
a4 O-O 9. Be3 Bxe3 10. Qxe3 d6 11. O-O-O Qe7 12. f3 Nb4 13. g4 c6 14. g5 Nfd5
15. Qd2 Nxc3 16. bxc3 Na6 17. Qxd6 Qxg5+ 18. f4 Qh4 19. Rg1 Bg4 20. Rd3 Rad8
21. Qe5 Rxd3 22. Bxd3 h5 23. f5 Rd8 24. Qg3 Qf6 25. Bxa6 bxa6 26. h3 Be2 27.
Qe3 Bc4 28. Nd2 Bd3 29. e5 Qxf5 30. Rg5 Qe6 31. cxd3 Qa2 32. Rxg7+ Kxg7 33.
Qg5+ 1-0

[Event "Condigne Dutch Open 2016"]
[Site "dieren"]
[Date "2016.07.30"]
[Round "5"]
[White "L'Ami, Erwin"]
[Black "Horvath, Csaba"]
[Result "1/2-1/2"]
[ECO "E06"]
[WhiteElo "2606"]
[BlackElo "2520"]
[PlyCount "63"]
[EventDate "2016.07.27"]
[EventCountry "NED"]
[TimeControl "6000+780"]
[WhiteClock "0:14:48"]
[BlackClock "0:14:52"]

1. d4 Nf6 2. c4 e6 3. Nf3 b6 4. g3 c6 5. Bg2 Be7 6. O-O d5 7. Qc2 O-O 8. Ne5
Bb7 9. Rd1 Qc8 10. Nc3 dxc4 11. Nxc4 c5 12. Bxb7 Qxb7 13. dxc5 Bxc5 14. Bg5
Nbd7 15. Nd6 Bxd6 16. Rxd6 h6 17. Bxf6 Nxf6 18. Rad1 Rac8 19. Qd3 Rc5 20. Rd8
Rxd8 21. Qxd8+ Kh7 22. Qd3+ Kg8 23. e4 b5 24. Qe3 Rc8 25. e5 Nd7 26. Qd4 Rc7
27. Ne4 Rc2 28. Qxd7 Qxe4 29. Qe8+ Kh7 30. Qxb5 a6 31. Qxa6 Rxb2 32. Qd3
1/2-1/2

[Event "Condigne Dutch Open 2016"]
[Site "dieren"]
[Date "2016.07.30"]
[Round "5"]
[White "Ikonnikov, Vyacheslav"]
[Black "Reinderman, Dimitri"]
[Result "1/2-1/2"]
[ECO "B38"]
[WhiteElo "2538"]
[BlackElo "2584"]
[PlyCount "48"]
[EventDate "2016.07.27"]
[EventCountry "NED"]
[TimeControl "6000+1110"]
[WhiteClock "0:50:37"]
[BlackClock "1:06:58"]

1. d4 Nf6 2. Nf3 g6 3. c4 Bg7 4. Nc3 O-O 5. e4 d6 6. Be2 c5 7. O-O cxd4 8. Nxd4
Nc6 9. Be3 Nxd4 10. Bxd4 Bd7 11. Qd2 Bc6 12. f3 a5 13. b3 Nd7 14. Be3 Nc5 15.
Rac1 b6 16. Bh6 Bxh6 17. Qxh6 e5 18. Rfd1 Ra7 19. Rd2 Ne6 20. Bf1 Rd7 21. Rcd1
Nd4 22. Ne2 Ne6 23. Nc3 Nd4 24. Ne2 Ne6 1/2-1/2

[Event "Condigne Dutch Open 2016"]
[Site "dieren"]
[Date "2016.07.30"]
[Round "5"]
[White "Khenkin, Igor"]
[Black "Sandipan, Chanda"]
[Result "1/2-1/2"]
[ECO "A07"]
[WhiteElo "2553"]
[BlackElo "2568"]
[PlyCount "64"]
[EventDate "2016.07.27"]
[EventCountry "NED"]
[TimeControl "6000+1455"]
[WhiteClock "0:02:25"]
[BlackClock "0:08:40"]

1. Nf3 d5 2. g3 g6 3. c4 dxc4 4. Qa4+ Nc6 5. Bg2 Bg7 6. O-O e5 7. Qxc4 Nge7 8.
d3 Be6 9. Qa4 h6 10. Nc3 O-O 11. Nd2 a6 12. Nb3 Qd6 13. Ne4 b5 14. Qa3 Qxa3 15.
bxa3 Rad8 16. Bb2 Nd4 17. Nec5 Nxe2+ 18. Kh1 Nd4 19. Bxd4 exd4 20. Nxe6 fxe6
21. Rac1 Nd5 22. Bxd5 exd5 23. Rxc7 Rc8 24. Rc5 Rxc5 25. Nxc5 Rf6 26. Kg2 Rc6
27. Rc1 Bf8 28. Nb3 Rc3 29. a4 Rxd3 30. axb5 axb5 31. Rc7 Rc3 32. Rb7 b4
1/2-1/2

[Event "Condigne Dutch Open 2016"]
[Site "dieren"]
[Date "2016.07.30"]
[Round "5"]
[White "Hausrath, Daniel"]
[Black "Beerdsen, Thomas"]
[Result "1/2-1/2"]
[ECO "A08"]
[WhiteElo "2483"]
[BlackElo "2414"]
[PlyCount "167"]
[EventDate "2016.07.27"]
[EventCountry "NED"]
[TimeControl "6000+1520"]
[WhiteClock "0:03:46"]
[BlackClock "0:07:03"]

1. Nf3 Nf6 2. g3 e6 3. Bg2 d5 4. O-O Be7 5. d3 c5 6. c3 b6 7. a3 O-O 8. b4 Nbd7
9. Nbd2 Bb7 10. Bb2 Qc7 11. Qb3 Rfc8 12. Rfe1 a5 13. bxa5 bxa5 14. c4 Rab8 15.
cxd5 exd5 16. Rac1 Qd8 17. Qa2 d4 18. Ng5 Bxg2 19. Qxf7+ Kh8 20. Kxg2 Ne5 21.
f4 Nd5 22. fxe5 Bxg5 23. Nc4 Rc7 24. Qf3 Bxc1 25. Bxc1 Qg8 26. Rf1 Re8 27. Bd2
a4 28. Kg1 h6 29. Qe4 Rd7 30. Qg6 Rf8 31. Rb1 Qf7 32. Qxf7 Rdxf7 33. Nd6 Re7
34. Nc4 Ree8 35. Rb5 Rc8 36. Nd6 Rc6 37. h4 Kh7 38. Kg2 Rc7 39. Kg1 Kg6 40. Kg2
Re7 41. Bf4 Rc7 42. Kf3 Kh5 43. g4+ Kg6 44. h5+ Kh7 45. Nf5 Nxf4 46. Kxf4 c4
47. Ke4 c3 48. Rb1 Rb8 49. Rc1 g6 50. Nxd4 gxh5 51. gxh5 Rc5 52. Ne6 Rc6 53.
Kd5 Rbc8 54. d4 Rb6 55. Nc5 Rb3 56. Nxa4 Rd8+ 57. Kc4 Rxa3 58. Nc5 Ra2 59. e4
c2 60. d5 Rb8 61. d6 Rb1 62. d7 Rxc1 63. d8=Q Rg1 64. Qd7+ Kh8 65. Nb3 c1=Q+
66. Nxc1 Rc2+ 67. Kb3 Rcxc1 68. Qd8+ Kh7 69. Qd7+ Kh8 70. Qd2 Rc6 71. Qd3 Rb6+
72. Kc2 Rc6+ 73. Kb3 Rb6+ 74. Kc4 Rc1+ 75. Kd4 Rcb1 76. Qc2 R6b4+ 77. Ke3 R4b3+
78. Kf4 Rf1+ 79. Kg4 Rb8 80. Kg3 Rg8+ 81. Kh2 Rf4 82. Kh3 Rf3+ 83. Kh2 Rf4 84.
Kh3 1/2-1/2

[Event "Condigne Dutch Open 2016"]
[Site "dieren"]
[Date "2016.07.30"]
[Round "5"]
[White "Maris, Ivo"]
[Black "Pruijssers, Roeland"]
[Result "0-1"]
[ECO "C47"]
[WhiteElo "2370"]
[BlackElo "2463"]
[PlyCount "98"]
[EventDate "2016.07.27"]
[EventCountry "NED"]
[TimeControl "6000+935"]
[WhiteClock "0:45:37"]
[BlackClock "0:30:42"]

1. e4 e5 2. Nf3 Nc6 3. d4 exd4 4. Nxd4 Nf6 5. Nc3 Bb4 6. Nxc6 bxc6 7. Bd3 d5 8.
exd5 cxd5 9. O-O O-O 10. h3 c6 11. Qf3 Bd6 12. Bf4 Rb8 13. Rab1 Qc7 14. Ne2 Re8
15. Qg3 Bxf4 16. Nxf4 Ne4 17. Bxe4 Rxe4 18. Nh5 Qxg3 19. Nxg3 Ra4 20. a3 Be6
21. Rfd1 Rc4 22. Rd2 Ra4 23. Rdd1 c5 24. f3 g6 25. Rd3 Rb6 26. Rc3 Rb5 27. Kf2
d4 28. Rd3 Ba2 29. Rc1 Rxb2 30. Ne4 Rc4 31. Rd2 Bb3 32. Kg3 Bxc2 33. Nd6 Rc3
34. Re1 Rb6 35. Re8+ Kg7 36. Rd8 Ba4 37. h4 Rc2 38. Ne8+ Kf8 39. Rxc2 Bxc2 40.
Rc8 Bf5 41. Ra8 Ke7 42. Nc7 Rb7 43. Na6 c4 44. Nc5 Rc7 45. Na6 Rd7 46. Nb8 c3
47. Nxd7 Bxd7 48. Rxa7 c2 49. Rc7 d3 0-1

[Event "Condigne Dutch Open 2016"]
[Site "dieren"]
[Date "2016.07.30"]
[Round "5"]
[White "Maddens, Martijn"]
[Black "Sagar, Shah"]
[Result "0-1"]
[ECO "B12"]
[WhiteElo "2126"]
[BlackElo "2433"]
[PlyCount "50"]
[EventDate "2016.07.27"]
[EventCountry "NED"]
[TimeControl "6000+905"]
[WhiteClock "0:07:51"]
[BlackClock "0:26:25"]

1. e4 c6 2. d4 d5 3. f3 e6 4. Nc3 Bb4 5. a3 Bxc3+ 6. bxc3 dxe4 7. Qe2 c5 8.
Qxe4 Nf6 9. Bb5+ Nbd7 10. Qe2 a6 11. Bd3 b5 12. Nh3 cxd4 13. cxd4 Nb6 14. c3
Bb7 15. O-O Rc8 16. Bd2 Nfd5 17. Rfc1 Qe7 18. Nf2 f5 19. Nd1 Nc4 20. a4 O-O 21.
axb5 axb5 22. Rab1 Qd7 23. Nb2 Nxd2 24. Bxb5 Nxc3 25. Rxc3 Qxd4+ 0-1

[Event "Condigne Dutch Open 2016"]
[Site "dieren"]
[Date "2016.07.30"]
[Round "5"]
[White "Debashis, Das"]
[Black "Schippers, Maurice"]
[Result "1-0"]
[ECO "A50"]
[WhiteElo "2451"]
[BlackElo "2220"]
[PlyCount "111"]
[EventDate "2016.07.27"]
[EventCountry "NED"]
[TimeControl "6000+850"]
[WhiteClock "0:10:04"]
[BlackClock "0:09:30"]

1. d4 Nf6 2. Nf3 g6 3. c4 b6 4. Nc3 Bb7 5. Qc2 Bg7 6. e4 O-O 7. Be2 c5 8. d5 d6
9. O-O Nbd7 10. Bf4 a6 11. Rad1 b5 12. cxb5 axb5 13. Bxb5 Ba6 14. a4 Qa5 15. b3
Bxb5 16. Nxb5 Qb4 17. Nd2 Nb6 18. Bg5 c4 19. bxc4 Qxa4 20. Qd3 Rfc8 21. Rc1 h6
22. Be3 Nfd7 23. Bxb6 Nxb6 24. Nd4 Nd7 25. Nc6 Ne5 26. Nxe5 Bxe5 27. Nf3 Bg7
28. Rc2 Rab8 29. Qe2 Rb4 30. Rfc1 h5 31. Ng5 Bf6 32. h4 Qb3 33. g3 Qa4 34. Kg2
Qa6 35. Nf3 Bg7 36. Nd2 Rb2 37. Rxb2 Bxb2 38. Rc2 Bd4 39. f4 Qa1 40. Nf3 Bc5
41. f5 Rb8 42. fxg6 fxg6 43. e5 Rf8 44. Ra2 Qc3 45. Qe4 Kh8 46. Rc2 Qa3 47. Rd2
Rf5 48. exd6 exd6 49. Qe8+ Kg7 50. Ng5 Qa1 51. Qe7+ Kg8 52. Qh7+ Kf8 53. Ne6+
Ke8 54. Qg8+ Ke7 55. Qd8+ Kf7 56. Qf8# 1-0

[Event "Condigne Dutch Open 2016"]
[Site "dieren"]
[Date "2016.07.30"]
[Round "5"]
[White "Zwirs, Nico"]
[Black "Gerlagh, Joris"]
[Result "0-1"]
[ECO "A08"]
[WhiteElo "2374"]
[BlackElo "2172"]
[PlyCount "122"]
[EventDate "2016.07.27"]
[EventCountry "NED"]
[TimeControl "6000+1410"]
[WhiteClock "0:00:58"]
[BlackClock "0:03:26"]

1. e4 e6 2. d3 c5 3. Nf3 Nc6 4. g3 d5 5. Nbd2 g6 6. Bg2 Bg7 7. O-O Nge7 8. Re1
b6 9. a3 Bb7 10. Rb1 a5 11. a4 Nb4 12. exd5 exd5 13. Nf1 O-O 14. Bg5 Re8 15. h4
Qd7 16. Ne5 Qxa4 17. b3 Qa2 18. c3 Nf5 19. Re2 Bxe5 20. Rxa2 Nxa2 21. Qd2 Nxc3
22. Rc1 Nb5 23. Ne3 Nxe3 24. fxe3 Bxg3 25. Bh3 f5 26. Qg2 Be5 27. h5 Kf7 28.
Rf1 Nd6 29. Qh1 Ke6 30. Bg2 Rg8 31. h6 a4 32. bxa4 Rxa4 33. Bf4 Bxf4 34. exf4
Rd4 35. Qh3 Kd7 36. Re1 Ba6 37. Re5 Rxd3 38. Qh4 g5 39. fxg5 Rd4 40. Qh5 Rg4
41. Rxd5 Rg6 42. Kf2 R4xg5 43. Rxd6+ Kxd6 44. Qd1+ Kc7 45. Bf3 Rg1 46. Qa4 Rf1+
47. Ke3 Re6+ 48. Kd2 Rd6+ 49. Kc2 Bd3+ 50. Kb2 Rf2+ 51. Ka3 Bb1 52. Qa7+ Kd8
53. Qb8+ Kd7 54. Qb7+ Ke6 55. Qc8+ Ke5 56. Bh5 Ra2+ 57. Kb3 Rd3+ 58. Kc4 Rd4+
59. Kb5 Bd3+ 60. Kc6 Be4+ 61. Kc7 Ra8 0-1

[Event "Condigne Dutch Open 2016"]
[Site "dieren"]
[Date "2016.07.30"]
[Round "5"]
[White "Van Foreest, Lucas"]
[Black "Kiremitciyan, Ari"]
[Result "0-1"]
[ECO "C02"]
[WhiteElo "2367"]
[BlackElo "2071"]
[PlyCount "62"]
[EventDate "2016.07.27"]
[EventCountry "NED"]
[TimeControl "6000+815"]
[WhiteClock "0:53:08"]
[BlackClock "0:32:38"]

1. e4 e6 2. d4 d5 3. e5 c5 4. c3 Qb6 5. Nf3 Nc6 6. a3 Nh6 7. b4 cxd4 8. cxd4
Nf5 9. Bb2 Bd7 10. g4 Nh6 11. h3 f6 12. Bd3 Nf7 13. Qe2 fxe5 14. dxe5 a6 15.
Nc3 Nd4 16. Nxd4 Qxd4 17. Nb5 Qb6 18. Bd4 Qd8 19. Nc3 Rc8 20. Nxd5 Bc6 21. Be4
Bxd5 22. Rd1 Ng5 23. f3 Nxe4 24. fxe4 Bc4 25. Qf2 Qg5 26. Qf3 Be7 27. h4 Qg6
28. h5 Qf7 29. Qe3 O-O 30. Rd2 Qf1+ 31. Rxf1 Rxf1# 0-1

[Event "Condigne Dutch Open 2016"]
[Site "dieren"]
[Date "2016.08.01"]
[Round "6"]
[White "Sagar, Shah"]
[Black "L'Ami, Erwin"]
[Result "1/2-1/2"]
[ECO "E15"]
[WhiteElo "2433"]
[BlackElo "2606"]
[PlyCount "148"]
[EventDate "2016.07.27"]
[EventCountry "NED"]
[TimeControl "6000+1320"]
[WhiteClock "0:01:55"]
[BlackClock "0:01:46"]

1. d4 Nf6 2. c4 e6 3. Nf3 b6 4. g3 c6 5. Nc3 d5 6. cxd5 cxd5 7. Ne5 Be7 8. Qa4+
Nfd7 9. e4 dxe4 10. Bg2 Bb7 11. Nxe4 Bd5 12. O-O O-O 13. Bf4 Qe8 14. Rac1 Nxe5
15. Qxe8 Rxe8 16. dxe5 Na6 17. a3 Red8 18. b4 Rd7 19. Rfd1 Rad8 20. Rd3 Nc7 21.
Nf6+ gxf6 22. exf6 Bd6 23. Bxd6 Bxg2 24. Bxc7 Rxd3 25. Bxd8 Bb7 26. Be7 Rxa3
27. g4 h5 28. gxh5 Kh7 29. Bf8 Bf3 30. h6 a5 31. bxa5 Rxa5 32. h4 Ra8 33. Bd6
Kxh6 34. Rb1 Kh5 35. Rxb6 Kxh4 36. Kh2 Kg5 37. Kg3 Bd5 38. Be7 Ra1 39. f4+ Kf5
40. Rb4 Rf1 41. Bd6 Rf3+ 42. Kh2 Kxf6 43. Kg1 Kf5 44. Rb8 Ke4 45. Rb4+ Ke3 46.
Bc5+ Kd3 47. Bd6 Rg3+ 48. Kh2 Rg6 49. Ra4 Rg2+ 50. Kh3 Rg8 51. Ra7 f6 52. Rf7
f5 53. Ra7 Ke2 54. Kh4 Bf3 55. Ra2+ Ke3 56. Ra3+ Kf2 57. Bc5+ Kg2 58. Ra2+ Kh1
59. Ra1+ Kh2 60. Ra2+ Bg2 61. Bd6 Rg4+ 62. Kh5 Kg3 63. Kh6 Bf3 64. Ra4 Rg8 65.
Ra7 Rd8 66. Be5 Bd5 67. Ra3+ Kg4 68. Kg6 Rg8+ 69. Kf7 Rc8 70. Ra4 Rc2 71. Kf6
Re2 72. Ra1 Re4 73. Rg1+ Kf3 74. Rf1+ Kg2 1/2-1/2

[Event "Condigne Dutch Open 2016"]
[Site "dieren"]
[Date "2016.08.01"]
[Round "6"]
[White "Reinderman, Dimitri"]
[Black "Sandipan, Chanda"]
[Result "0-1"]
[ECO "D23"]
[WhiteElo "2584"]
[BlackElo "2568"]
[PlyCount "106"]
[EventDate "2016.07.27"]
[EventCountry "NED"]
[TimeControl "6000+1520"]
[WhiteClock "0:09:02"]
[BlackClock "0:18:37"]

1. c4 c6 2. Nf3 d5 3. d4 Nf6 4. Qc2 dxc4 5. Qxc4 Bg4 6. Nbd2 Nbd7 7. g3 e6 8.
Bg2 Be7 9. O-O O-O 10. Qb3 Qb6 11. Nc4 Qa6 12. Bd2 Rac8 13. Rfc1 Nb6 14. e3
Nxc4 15. Qxc4 Qxc4 16. Rxc4 Nd7 17. Bb4 c5 18. Be1 b5 19. Rcc1 Bf6 20. a4 b4
21. a5 Rfd8 22. a6 h6 23. Rc4 Bxf3 24. Bxf3 cxd4 25. Rxb4 d3 26. Rd1 Ne5 27.
Be4 d2 28. Rxd2 Rc1 29. Re2 Be7 30. Rb7 f5 31. Bg2 Bf8 32. Rxa7 Nd3 33. Kf1 Bb4
34. Ra8 Rxa8 35. Bxa8 Nxe1 36. Bb7 Ra1 37. f4 g5 38. h3 g4 39. hxg4 fxg4 40.
Kf2 Kf7 41. Bc8 Kf6 42. Bb7 h5 43. Bc8 e5 44. fxe5+ Kxe5 45. Bb7 Kf6 46. Kg1
Kg5 47. Kf1 h4 48. gxh4+ Kh5 49. Be4 g3 50. Bb7 Kxh4 51. Kg1 g2 52. Rxe1 Rxe1+
53. Kxg2 Bc5 0-1

[Event "Condigne Dutch Open 2016"]
[Site "dieren"]
[Date "2016.08.01"]
[Round "6"]
[White "Horvath, Csaba"]
[Black "Ikonnikov, Vyacheslav"]
[Result "1/2-1/2"]
[ECO "E18"]
[WhiteElo "2520"]
[BlackElo "2538"]
[PlyCount "21"]
[EventDate "2016.07.27"]
[EventCountry "NED"]
[TimeControl "6000+405"]
[WhiteClock "1:23:38"]
[BlackClock "1:23:16"]

1. d4 Nf6 2. c4 e6 3. Nf3 b6 4. g3 Bb7 5. Bg2 Be7 6. Nc3 Ne4 7. Bd2 Bf6 8. O-O
O-O 9. Ne5 Nxc3 10. Bxc3 Bxg2 11. Kxg2 1/2-1/2